 Dungeon Crawl Stone Soup version 0.30-a0-371-gad7725a93e (webtiles) character file.

Game seed: 1661088737541165240

170 horus123 the Magician (level 5, -4/28 HPs)
             Began as a Deep Elf Ice Elementalist on Nov 22, 2022.
             Slain by a gnoll
             ... wielding a +0 halberd
              (10 damage)
             ... on level 3 of the Dungeon.
             The game lasted 00:06:50 (2657 turns).

horus123 the Magician (Deep Elf Ice Elementalist)   Turns: 2657, Time: 00:06:50

Health: -4/28      AC:  4    Str:  5    XL:     5   Next: 26%
Magic:  10/16      EV: 12    Int: 22    God:
Gold:   216        SH:  0    Dex: 15    Spells: 10/18 levels left

rFire   . . .      SeeInvis .    d - +0 dagger
rCold   . . .      Faith    .    (no shield)
rNeg    . . .      Spirit   .    a - +0 robe
rPois   .          Reflect  .    (no helmet)
rElec   .          Harm     .    q - +0 cloak
rCorr   .          Rampage  .    h - +0 pair of gloves
Will    .....                    (no boots)
Stlth   ++........               (no amulet)
HPRegen 0.24/turn                (no ring)
MPRegen 0.15/turn                (no ring)

@: freezing walls
A: no striking features
a: no special abilities


You were on level 3 of the Dungeon.
You visited 1 branch of the dungeon, and saw 3 of its levels.

You collected 216 gold pieces.

Inventory:

Hand Weapons
 d - a +0 dagger (weapon)
 p - a +3 quarterstaff of chaos
Missiles
 m - 2 silver javelins
Armour
 a - a +0 robe (worn)
 h - a +0 pair of gloves (worn)
 q - a +0 cloak (worn)
Scrolls
 e - 2 scrolls of torment
 g - a scroll of vulnerability
 j - a scroll of fear
 l - a scroll of silence
Potions
 b - a potion of magic
 c - 2 potions of curing {unknown}
 f - a potion of flight {unknown}
 i - a potion of degeneration {unknown}
 k - a potion of lignification {unknown}
 o - a potion of heal wounds {unknown}


   Skills:
 - Level 2.4 Dodging
 - Level 2.4 Stealth
 - Level 7.0 Spellcasting
 + Level 4.9 Ice Magic


You had 10 spell levels left.
You knew the following spells:

 Your Spells              Type           Power      Damage    Failure   Level
a - Freeze                Ice            100%       1d10      1%          1
b - Frozen Ramparts       Ice            58%        1d9       3%          3
c - Ozocubu's Armour      Ice            29%        N/A       3%          3
d - Kiss of Death         Conj/Necr      28%        2d7       9%          1

Your spell library contained the following spells:

 Spells                   Type           Power      Damage    Failure   Level
 Confusing Touch          Hex            7%         N/A       24%         3
 Summon Ice Beast         Ice/Summ       18%        N/A       30%         4
 Dispel Undead            Necr           7%         3d8       63%         4


Dungeon Overview and Level Annotations

Branches:
Dungeon (3/15)

Altars:
Gozag

Shops:
D:3 :


Message History

The wall freezes the gnoll!
You freeze the gnoll.
The gnoll is almost dead.
The wall freezes the gnoll.
You kill the gnoll!
The wall freezes the gnoll.
The gnoll barely misses you.
The wall freezes the gnoll.
The gnoll closely misses you.
The wall freezes the gnoll!
The gnoll closely misses you.
The wall freezes the gnoll.
You kill the gnoll!
The frozen ramparts melt away.
Magic restored.
You see here a +0 flail of protection.
Things that are here:
a +0 halberd; a gnoll corpse The gnoll shouts!
Casting: Freeze (safe; 1% risk of failure)
Confirm with . or Enter, or press ? or * to list all spells.
Casting: Frozen Ramparts (dangerous; 3% risk of failure)
Press: ? - help, Dir - look around, f - activate The walls around you are covered in ice.
The gnoll hits you from afar with a +0 halberd!
The gnoll barely misses you.
Your frozen ramparts will break if you move.
Continue?
Okay, then.
Your frozen ramparts will break if you move.
Continue?
The frozen ramparts melt away as you move.
Casting: Frozen Ramparts (dangerous; 3% risk of failure)
Confirm with . or Enter, or press ? or * to list all spells.
Casting: Frozen Ramparts (dangerous; 3% risk of failure)
Press: ? - help, Dir - look around, f - activate The walls around you are covered in ice.
The wall freezes the gnoll.
The gnoll hits you from afar with a +0 halberd.
The wall freezes the gnoll!
The gnoll hits you from afar with a +0 halberd!
* * * LOW HITPOINT WARNING * * *
The wall freezes the gnoll.
The gnoll hits you from afar with a +0 halberd!
You die...

♣♣.♣ ......... ♣.♣♣ #..#.....
♣♣.♣ #........ ♣♣.♣♣ ##....#..>
♣♣...♣ #......# ♣....♣ #......#
#....# #....g.# ### #....#
##....## ..# #...## #...@# #.#
##.## ##<#.###### #.# #..#
#........# #.#
#####.########)#.####.# #.#
.............)........#####.#####
#.##.#.####.##.#.##.)......)....#
.#.#.#.# #.##......8.#####)###.#
#.##.#.# #.##.###.#..### #......
####.#.## #.##.##.8.∩<8.# #..##.#


You could see a gnoll.

Vanquished Creatures
  Crazy Yiuf (D:3)
  An orc priest (D:3)
  2 gnolls (D:3)
  An adder (D:2)
  2 worms
  14 orcs (D:3)
  A ball python (D:1)
  6 endoplasms
  A giant cockroach (D:2)
  3 goblins (D:1)
  6 hobgoblins
  9 jackals
  4 kobolds
  2 quokkas
  2 bats
  2 frilled lizards
  3 rats
60 creatures vanquished.

Notes
Turn   | Place    | Note
-------+----------+-------------------------------------------
     0 | D:1      | horus123 the Deep Elf Ice Elementalist began the quest for
                  | the Orb.
     0 | D:1      | Reached XP level 1. HP: 10/10 MP: 6/6
   115 | D:1      | Found a faded altar of an unknown god.
   300 | D:1      | Reached skill level 4 in Spellcasting
   300 | D:1      | Reached XP level 2. HP: 15/15 MP: 5/9
  1121 | D:2      | Reached skill level 5 in Spellcasting
  1121 | D:2      | Reached XP level 3. HP: 16/19 MP: 7/11
  1125 | D:2      | Learned a level 3 spell: Frozen Ramparts
  1904 | D:3      | Found an opulent altar of Gozag.
  2024 | D:3      | Reached skill level 6 in Spellcasting
  2024 | D:3      | Reached XP level 4. HP: 22/24 MP: 8/14
  2270 | D:3      | Found Ekkiptus's Book Shoppe.
  2480 | D:3      | Found a runed translucent door.
  2481 | D:3      | Noticed Crazy Yiuf
  2488 | D:3      | Killed Crazy Yiuf
  2489 | D:3      | Reached skill level 7 in Spellcasting
  2489 | D:3      | Reached XP level 5. HP: 28/28 MP: 9/16
  2502 | D:3      | Learned a level 3 spell: Ozocubu's Armour
  2504 | D:3      | Learned a level 1 spell: Kiss of Death
  2657 | D:3      | Slain by a gnoll

Illustrated notes

Levels and vault maps discovered:
D:1:      lemuel_arrival_tunnels, layout_basic,
          hellmonk_ecumenical_altar_blasted, minmay_strange_pillars
D:2:      layout_loops_ring, hangedman_decor_opposing
D:3:      layout_loops_ring, grunt_gozag_statues, serial_shops,
          nicolae_shop_statue_plus, uniq_crazy_yiuf_cottage

Skill      XL: |  1  2  3  4 |
---------------+-------------+-----
Spellcasting   | 4 5 6 7 |  7.0
Dodging        | |  2.4
Stealth        | |  2.4
Ice Magic      | |  4.9

Action                   |  1- 3 |  4- 6 || total
-------------------------+-------+-------++-------
Melee: Dagger            |    14 |     5 ||    19
 Cast: Freeze            |    42 |    16 ||    58
       Frozen Ramparts   |     3 |     5 ||     8
  Use: Scroll            |     3 |     2 ||     5
 Stab: Sleeping          |     5 |       ||     5
Armor: Robe              |    16 |     4 ||    20
Dodge: Dodged            |    39 |    12 ||    51

Table legend: (Time is in decaauts)
 A = Elapsed time spent in this place.
 B = Non-inter-level travel time spent in this place.
 C = Inter-level travel time spent in this place.
 D = Time resting spent in this place.
 E = Time spent auto-exploring this place.
 F = Levels seen in this place.
 G = Mean time per level.
                   A        B        C        D        E       F      G
               +--------+--------+--------+--------+--------+-----+--------+
         Total |   2656 |   2616 |     40 |    147 |   2043 |   3 |  885.3 |
       Dungeon |   2656 |   2616 |     40 |    147 |   2043 |   3 |  885.3 |
               +--------+--------+--------+--------+--------+-----+--------+

Top non-repeatable levels by time:
     D:2: 932 daAuts
     D:1: 895 daAuts
     D:3: 827 daAuts
